cohdb
Replays
Latest Replays
All Replays
Popular Replays
Top Player Replays
Match Explorer
How It Works
Community
CoH3 Stats
Reddit
Sign in to upload your games and track your stats! →
Sign in with Steam
Match 40634258
Unlisted
Match 40634258
Overview
Messages
Build Orders
End
Construct Section Command Post
Vickers Machine Gun Team
Dingo Light Scout Car
Selects Heavy Armor Battlegroup
Royal Engineer Section
ML 3-inch Mortar Team
Construct Platoon Command Post
Humber Armored Car
Infantry Section
CMP 15cwt Truck
Unlock Bishop Self-propelled Artillery
Selects Engineer Detachments
Bishop Self-propelled Artillery
Selects Light Vehicle Withdraw and Refit
6-pounder Anti-tank Gun Team
Light Vehicle Training
Bishop Self-propelled Artillery
Selects Radio Net
Selects Designate Targets
Designate Targets
Vickers Machine Gun Team
Designate Targets
Súp phờ rinh
p1
[FCI] Rowen Snirful
Standard Grenadier
trea
CPU - VERY EASY
0
0
Comments
sign in to comment!
No comments posted yet!